 Dungeon Crawl Stone Soup version 0.22-a0-565-gfc6459a (webtiles) character file.

7 iamserjio the Charmwright (level 1, -1/18 HPs)
             Began as a Draconian Skald on June 28, 2018.
             Slain by a kobold
             ... wielding a +0 short sword
              (2 damage)
             ... on level 2 of the Dungeon.
             The game lasted 00:00:53 (137 turns).

iamserjio the Charmwright (Draconian Skald)          Turns: 137, Time: 00:00:54

Health: -1/18      AC:  4    Str: 13    XL:     1   Next: 91%
Magic:  1/3        EV: 12    Int: 13    God:
Gold:   19         SH:  0    Dex: 10    Spells: 3/4 levels left

rFire    . . .     SeeInvis .   a - +0 spear
rCold    . . .     Gourm    .   (no shield)
rNeg     . . .     Faith    .   (armour unavailable)
rPois    .         Spirit   .   (helmet restricted)
rElec    .         Reflect  .   (no cloak)
rCorr    .         Harm     .   (no gloves)
MR       .....                  (no boots)
Stlth    +.........             (no amulet)
HPRegen  0.06/turn              (no ring)
MPRegen  0.08/turn              (no ring)

@: infused
A: unfitting armour, cold-blooded, AC +4
a: no special abilities


You were on level 2 of the Dungeon.
You were not hungry.

You visited 1 branch of the dungeon, and saw 2 of its levels.

You collected 19 gold pieces.

Inventory:

Hand Weapons
 a - a +0 spear (weapon)
Potions
 c - a potion of curing {unknown}
 d - a potion of flight {unknown}
Comestibles
 b - 2 rations


   Skills:
 + Level 2.4 Fighting
 - Level 2.1 Dodging
 * Level 2.3 Unarmed Combat
 - Level 2.0 Spellcasting
 + Level 2.8 Charms


You had 3 spell levels left.
You knew the following spells:

 Your Spells              Type           Power        Failure   Level  Hunger
a - Infusion              Chrm           #...         8%          1    ##.....

Your spell library contained the following spells:

 Spells                   Type           Power        Failure   Level  Hunger
 Regeneration             Chrm/Necr      #.........   38%         3    ####...
 Shroud of Golubria       Chrm/Tloc      #.........   22%         2    ###....
 Song of Slaying          Chrm           #.......     12%         2    ###....
 Spectral Weapon          Hex/Chrm       #.......     38%         3    ####...


Dungeon Overview and Level Annotations

Branches:
Dungeon (2/15)

Altars:
Okawaru


Innate Abilities, Weirdness & Mutations

Your plain brown scales are hard. (AC +4)
You cannot fit into any form of body armour.
You are cold-blooded and may be slowed by cold attacks.


Message History

The frilled lizard bites you but does no damage.
The kobold barely misses you.
The jackal barks!
A jackal comes into view.
Found a glowing ruby ring and a short sword.
You hit the kobold.
The kobold is heavily wounded.
The kobold barely misses you.
You hit the jackal but do no damage. The jackal barely misses you.
The kobold misses you. The jackal barely misses you.
You hit the jackal but do no damage.
Your tail-slap misses the jackal.
The jackal bites you.
* * * LOW HITPOINT WARNING * * *
The kobold hits you but does no damage.
You barely miss the kobold.
The kobold is heavily wounded.
The jackal bites you.
* * * LOW HITPOINT WARNING * * *
The kobold hits you with a short sword.
You die...

.# # .# #. !# # #
.# ####.###.# #.
.##........##
..#.#..#.........
.).=.##........
#.h#Kh<....##
#@#......#
........#........
###<...).......##
##############


You could see 2 jackals and a kobold.

Vanquished Creatures
  A bat (D:1)
  A giant cockroach (D:1)
  A hobgoblin (D:1)
  A jackal (D:2)
  A kobold (D:1)
  A frilled lizard (D:1)
6 creatures vanquished.

Notes
Turn   | Place    | Note
-------+----------+-------------------------------------------
     0 | D:1      | iamserjio the Draconian Skald began the quest for the Orb.
     0 | D:1      | Reached XP level 1. HP: 17/17 MP: 3/3
    22 | D:1      | Found an iron altar of Okawaru.
   137 | D:2      | Slain by a kobold

Vault maps used:
D:1:      lightli_arrival_quake, okawaru_ov_weapons_minmay
D:2:      grunt_gozag_statues, makhleb_altar_promises_db, uniq_sigmund,
          uniq_natasha

Action                   || total
-------------------------++-------
Melee: Spear             ||    25
       Tailslap          ||     1
 Cast: Infusion          ||     1
Armor: Skin              ||     3
Dodge: Dodged            ||    21

Table legend:
 A = Spawn XP
 B = Non-spawn XP
 C = Spawn XP percentage of total XP
 D = Spawn monster count
 E = Non-spawn monster count
 F = Spawn count percentage of total count
 G = Total turns spent on level
                    A         B        C        D         E        F      G
               +---------+---------+-------+---------+---------+-------+---------
         Total |       0 |      11 |   0.0 |       0 |       6 |   0.0 |   137
               +---------+---------+-------+---------+---------+-------+---------
           D:1 |       0 |       9 |   0.0 |       0 |       5 |   0.0 |   125
           D:2 |       0 |       2 |   0.0 |       0 |       1 |   0.0 |    12
               +---------+---------+-------+---------+---------+-------+---------
